 Dungeon Crawl Stone Soup version 0.30-a0-883-g5ad918d77d (webtiles) character file.

Game seed: 12723607537844565342

2205 Zeldest the Grappler (level 9, -26/88 HPs)
             Began as a Troll Reaver on Mar 17, 2023.
             Was a Follower of Qazlal.
             Killed from afar by an ice dragon (37 damage)
             ... with a blast of cold
             ... on level 6 of the Dungeon.
             The game lasted 00:05:10 (3608 turns).

Zeldest the Grappler (Troll Reaver)                 Turns: 3608, Time: 00:05:11

Health: -26/88     AC:  5    Str: 26      XL:     9   Next: 12%
Magic:  11/11      EV: 10    Int:  8 (9)  God:    Qazlal [*.....]
Gold:   303        SH:  1    Dex: 12 (14) Spells: 9/10 levels left

rFire   . . .      SeeInvis .      - Unarmed
rCold   . . .      Faith    +    (no shield)
rNeg    . . .      Spirit   .    a - +0 robe
rPois   .          Reflect  .    (helmet restricted)
rElec   .          Rampage  .    i - +0 cloak
rCorr   .                        (gloves unavailable)
Will    .....                    (boots unavailable)
Stlth   +                        q - amulet of faith
HPRegen 1.14/turn                b - +6 ring of dexterity
MPRegen 0.12/turn                (no ring)

@: weak-willed
A: large, unfitting armour, claws 3, regeneration 1, shaggy fur 1, tough skin 1
a: Renounce Religion


You were on level 6 of the Dungeon.
You worshipped Qazlal.
Qazlal was aware of your devotion.
You visited 1 branch of the dungeon, and saw 6 of its levels.

You collected 303 gold pieces.

Inventory:

Armour
 a - a +0 robe (worn)
 i - a +0 cloak (worn)
Jewellery
 b - a +6 ring of dexterity (left claw)
 d - an amulet of magic regeneration
 f - a ring of see invisible
 q - an amulet of faith (around neck)
 v - a ring of fire
Wands
 t - a wand of polymorph (3)
 w - a wand of roots (4)
Scrolls
 c - a scroll of amnesia
 l - 5 scrolls of enchant armour
 m - a scroll of poison {unknown}
 n - a scroll of teleportation {unknown}
 r - a scroll of magic mapping
 u - a scroll of enchant weapon
Potions
 e - a potion of degeneration
 g - a potion of curing
 k - a potion of magic
 o - a potion of attraction
 p - a potion of mutation
 s - a potion of lignification


   Skills:
 + Level 5.5 Fighting
 - Level 1.5 Dodging
 * Level 9.6 Unarmed Combat
 - Level 1.2 Spellcasting
 - Level 2.1 Conjurations
 * Level 4.2 Invocations


You had 9 spell levels left.
You knew the following spells:

 Your Spells              Type           Power      Damage    Failure   Level
a - Kiss of Death         Conj/Necr      8%         2d6       26%         1

Your spell library contained the following spells:

 Spells                   Type           Power      Damage    Failure   Level
 Sandblast                Erth           0%         2d4       36%         1
 Momentum Strike          Conj/Tloc      4%         3d8       36%         2
 Lesser Beckoning         Tloc           0%         N/A       52%         2
 Passwall                 Tmut/Erth      0%         N/A       52%         2
 Hailstorm                Conj/Ice       2%         3d3       58%         3
 Stone Arrow              Conj/Erth      4%         3d7       58%         3
 Gell's Gravitas          Tloc           0%         N/A       75%         3
 Teleport Other           Tloc           0%         N/A       75%         3
 Chain Lightning          Conj/Air       1%         3d1       100%        9
 Fire Storm               Conj/Fire      1%         7d1       100%        9
 Shatter                  Erth           0%         3d5*      100%        9


Dungeon Overview and Level Annotations

Branches:
Dungeon (6/15)             Temple (0/1) D:6

Altars:
Elyvilon
Qazlal


Innate Abilities, Weirdness & Mutations

You are too large for most types of armour.
You have claws for hands.
Your natural rate of healing is unusually fast.
You are covered in fur. (AC +1)
You have tough skin. (AC +1)


Message History

Aim: a boulder beetle (lightly wounded, rolling, weak-willed, will become an ice dragon, a tyrant leech, or a goliath frog, chance to affect: 49%)
The boulder beetle resists with some effort.
The phantom hits you.
You barely miss the phantom.
The phantom hits you but does no damage.
The boulder beetle hits you.
* * * LOW HITPOINT WARNING * * *
The boulder beetle stops rolling and uncurls.
Aiming: Polymorph
Press: ? - help, Shift-Dir - straight line, f/p - boulder beetle
Aim: a boulder beetle (lightly wounded, weak-willed, will become an ice dragon, a tyrant leech, or a goliath frog, chance to affect: 49%)
The boulder beetle evaporates and reforms as an ice dragon!
The phantom barely misses you.
Okay, then.
You feel much better. The ice dragon bites you! The ice dragon claws you!
The ice dragon tramples you but does no damage.
The phantom hits you but does no damage.
Aiming: Polymorph
Press: ? - help, Shift-Dir - straight line, f/p - ice dragon
Aim: an ice dragon (will become a great orb of eyes, a fire dragon, or a glowing orange brain, chance to affect: 31%)
The ice dragon easily resists.
The ice dragon bites you. The ice dragon claws you!
* * * LOW HITPOINT WARNING * * *
The ice dragon barely misses you.
The phantom is struck by lightning.
The phantom hits you.
* * * LOW HITPOINT WARNING * * *
Aiming: Polymorph
Press: ? - help, Shift-Dir - straight line, f/p - ice dragon
Aim: an ice dragon (will become a great orb of eyes, a fire dragon, or a glowing orange brain, chance to affect: 31%)
The ice dragon easily resists.
The ice dragon bites you but does no damage.
You block the ice dragon's attack. The ice dragon tramples you!
* * * LOW HITPOINT WARNING * * *
You hold your ground!
The phantom completely misses you.
As you read the scroll labelled EJABLO TETA, it crumbles to dust.
It is a scroll of brand weapon.
You aren't carrying any weapons that can be branded.
The ice dragon breathes frost at you. The blast of cold hits you!!!
You die...

*,,,,,,.>.....)))...........
*,,,,,,..##########.........
*,******** #......... ***,*
#......... ***,,,* #.........
*,,,****#**############.........
*,,,,,,,...,.........##.........
*,,,,*,,,#...#°W.#....#.........
*,,,*,*,,,#.#..@#.#...).........
*,,*,,,*,,.#...#D..#.##.........
*,,,,,,,.......○.....##.........
*,,,,*,,.#...#...#..............
*,,,*,*,..#.#...#.#..##.........
*,,*,,,*...#...#...#.##.........
*,,,,,,,.............##.........
*,,,,*,,.#...#...#....#.........
*,,,*,*,,,#!#...#?#.............


You could see an ice dragon (catching breath) and a phantom (weak-willed).

Vanquished Creatures
  Grinder (D:5)
  Edmund (D:6)
  An ice beast (D:4)
  A sky beast (D:5)
  An orc warrior (D:6)
  2 black bears (D:6)
  3 ogres
  2 phantoms (D:6)
  A centaur (D:6)
  3 bullfrogs
  4 scorpions
  A gnoll bouda (D:4)
  2 hounds
  A sleepcap (D:4)
  3 iguanas
  Natasha (thrice) (D:2)
  An orc wizard (D:6)
  6 gnolls
  10 adders
  A shadow imp (D:6)
  2 white imps (D:6)
  A dart slug (D:1)
  9 orcs
  4 ball pythons
  5 bats
  5 endoplasms
  3 hobgoblins
  8 jackals (D:2)
  4 kobolds
  2 quokkas
  4 frilled lizards
  2 goblins
  8 rats
105 creatures vanquished.

Vanquished Creatures (others)
  5 fungi (D:6)
5 creatures vanquished.

Grand Total: 110 creatures vanquished

Notes
Turn   | Place    | Note
-------+----------+-------------------------------------------
     0 | D:1      | Zeldest the Troll Reaver began the quest for the Orb.
     0 | D:1      | Reached XP level 1. HP: 19/19 MP: 1/1
   258 | D:1      | Reached XP level 2. HP: 27/28 MP: 2/2
   742 | D:2      | Reached skill level 4 in Unarmed Combat
   742 | D:2      | Reached XP level 3. HP: 35/35 MP: 3/3
   753 | D:2      | Noticed Natasha
   776 | D:2      | Killed Natasha
   777 | D:2      | Reached XP level 4. HP: 10/44 MP: 4/4
   862 | D:2      | Noticed Natasha
   870 | D:2      | Killed Natasha
   895 | D:2      | Noticed Natasha
   900 | D:2      | Killed Natasha
   901 | D:2      | Reached skill level 5 in Unarmed Combat
   917 | D:2      | Reached XP level 5. HP: 50/50 MP: 5/5
   955 | D:2      | Found a faded altar of an unknown god.
   955 | D:2      | Noticed an Ice Fiend
  2309 | D:4      | Reached XP level 6. HP: 47/61 MP: 6/6
  2329 | D:4      | Noticed an ice beast
  2342 | D:4      | Killed an ice beast
  2343 | D:4      | Reached skill level 6 in Unarmed Combat
  2668 | D:5      | Entered Level 5 of the Dungeon
  2744 | D:5      | Noticed a sky beast
  2749 | D:5      | Reached XP level 7. HP: 59/68 MP: 7/7
  2768 | D:5      | Reached skill level 7 in Unarmed Combat
  2881 | D:5      | Found a white marble altar of Elyvilon.
  2977 | D:5      | Found a stormy altar of Qazlal.
  3029 | D:5      | Noticed Grinder
  3037 | D:5      | Killed Grinder
  3038 | D:5      | Reached skill level 8 in Unarmed Combat
  3038 | D:5      | Reached XP level 8. HP: 67/79 MP: 8/8
  3190 | D:5      | Became a worshipper of Qazlal Stormbringer
  3229 | D:6      | Reached skill level 1 in Invocations
  3295 | D:6      | Noticed Edmund
  3311 | D:6      | Reached skill level 5 in Fighting
  3318 | D:6      | Killed Edmund
  3399 | D:6      | Reached skill level 9 in Unarmed Combat
  3490 | D:6      | Reached XP level 9. HP: 30/88 MP: 10/10
  3582 | D:6      | Reached * piety under Qazlal
  3592 | D:6      | Noticed a boulder beetle
  3604 | D:6      | a boulder beetle changed into an ice dragon
  3604 | D:6      | Noticed an ice dragon
  3608 | D:6      | Killed from afar by an ice dragon

Illustrated notes

Levels and vault maps discovered:
D:1:      lightli_molten_gateway, layout_loops_ring, grunt_decor_clamped,
          minivault_14
D:2:      layout_rooms, dreamdust_ecumenical_altar_sealed_demon,
          grunt_ministairs_3, st_stairs_3, hex_large, uniq_natasha
D:3:      layout_loops_ring
D:4:      layout_basic
D:5:      layout_rooms, mainiacjoe_overflow_catch_the_wave, uniq_grinder
D:6:      cheibrodos_fzero, layout_basic, temple_green,
          dreamdust_mushroom_princess, uniq_edmund

Skill      XL: |  1  2  3  4  5  6  7  8  9 |
---------------+----------------------------+-----
Fighting       | 2 3 4 5 |  5.5
Unarmed Combat | 4 5 6 8 9 |  9.6
Invocations    | 3 4 |  4.2
Dodging        | |  1.5
Spellcasting   | |  1.2
Conjurations   | |  2.1

Action                     |  1- 3 |  4- 6 |  7- 9 || total
---------------------------+-------+-------+-------++-------
  Melee: Unarmed           |    35 |   120 |   132 ||   287
         Punch             |     1 |     4 |     5 ||    10
  Evoke: Wand              |       |       |     4 ||     4
    Use: Potion            |       |       |     6 ||     6
         Scroll            |       |       |     9 ||     9
   Stab: Sleeping          |     1 |     1 |     1 ||     3
 Armour: Robe              |    20 |    37 |    37 ||    94
         Skin              |       |       |    27 ||    27
  Dodge: Dodged            |    22 |    52 |    59 ||   133
  Block: Other             |       |       |     2 ||     2

Table legend: (Time is in decaauts)
 A = Elapsed time spent in this place.
 B = Non-inter-level travel time spent in this place.
 C = Inter-level travel time spent in this place.
 D = Time resting spent in this place.
 E = Time spent auto-exploring this place.
 F = Levels seen in this place.
 G = Mean time per level.
                   A        B        C        D        E       F      G
               +--------+--------+--------+--------+--------+-----+--------+
         Total |   3582 |   3509 |     73 |    275 |   2564 |   6 |  597.0 |
       Dungeon |   3582 |   3509 |     73 |    275 |   2564 |   6 |  597.0 |
               +--------+--------+--------+--------+--------+-----+--------+

Top non-repeatable levels by time:
     D:4: 805 daAuts
     D:1: 726 daAuts
     D:2: 591 daAuts
     D:3: 573 daAuts
     D:5: 510 daAuts
     D:6: 375 daAuts
